NYP
EUGENE EMERALDS @ TRI-CITY DUST DEVILS
06/18/2044
 
TOP OF THE 1ST
Eugene Emeralds batting - Pitching for Tri-City Dust Devils : RHP Ezra Wunderly
Pitching: RHP Ezra Wunderly
Batting: RHB Garrett Granata 0-0: Ball
1-0: Called Strike
1-1: Ground out U3 (Groundball, 34, EV 81.9 MPH)
Batting: RHB Chris Slama 0-0: Ground out 4-3 (Groundball, 34, EV 103.1 MPH)
Batting: RHB Francisco Ramirez 0-0: Called Strike
0-1: Called Strike
0-2: Foul Ball, location: 2F
0-2: Strikes out swinging
Top of the 1st over - 0 runs, 0 hits, 0 errors, 0 left on base; Eugene 0 - Tri-City 0
BOTTOM OF THE 1ST
Tri-City Dust Devils batting - Pitching for Eugene Emeralds : RHP Jose Ramirez
Pitching: RHP Jose Ramirez
Batting: RHB Ruben Luis 0-0: Ball
1-0: Ground out 6-3 (Groundball, 6, EV 83.8 MPH)
Batting: SHB Ryan Brown 0-0: Ball
1-0: Ground out 4-3 (Groundball, 4, EV 103.8 MPH)
Batting: RHB Hector Fernandez 0-0: Called Strike
0-1: Ball
1-1: Ball
2-1: Ground out 4-3 (Groundball, 4MD, EV 100.0 MPH)
Bottom of the 1st over - 0 runs, 0 hits, 0 errors, 0 left on base; Eugene 0 - Tri-City 0
TOP OF THE 2ND
Eugene Emeralds batting - Pitching for Tri-City Dust Devils : RHP Ezra Wunderly
Batting: LHB Trevor Spaulding 0-0: Called Strike
0-1: Foul Ball, location: 2F
0-2: Strikes out swinging
Batting: RHB Jonathan Sotelo 0-0: Ball
1-0: Swinging Strike
1-1: Called Strike
1-2: SINGLE (Groundball, 4MD, EV 100.0 MPH)
Batting: LHB Mark Huey 0-0: Foul Ball, location: 2F
0-1: Swinging Strike
0-2: Foul Ball, location: 2F
0-2: Strikes out swinging
Batting: RHB Brian Gargis 0-0: Swinging Strike
0-1: Foul Ball, location: 2F
0-2: Ball
1-2: Strikes out looking
Top of the 2nd over - 0 runs, 1 hit, 0 errors, 1 left on base; Eugene 0 - Tri-City 0
BOTTOM OF THE 2ND
Tri-City Dust Devils batting - Pitching for Eugene Emeralds : RHP Jose Ramirez
Batting: LHB Frank McConnell 0-0: Called Strike
0-1: Ball
1-1: Ball
2-1: Ball
3-1: Foul Ball, location: 2F
3-2: Foul Ball, location: 2F
3-2: Base on Balls
Batting: RHB Jaden Scott 0-0: Called Strike
Frank McConnell is caught stealing 2nd base 2-4
0-1: Ball
1-1: Ground out 6-3 (Groundball, 6, EV 98.8 MPH)
Batting: LHB Paul Adams 0-0: Ball
1-0: Ball
2-0: Ground out 3-1 (Groundball, 34S, EV 66.9 MPH)
Bottom of the 2nd over - 0 runs, 0 hits, 0 errors, 0 left on base; Eugene 0 - Tri-City 0
TOP OF THE 3RD
Eugene Emeralds batting - Pitching for Tri-City Dust Devils : RHP Ezra Wunderly
Batting: RHB Adam Kelliher 0-0: Ball
1-0: Foul Ball, location: 2F
1-1: DOUBLE (Line Drive, 78D, EV 103.8 MPH)
Batting: RHB Jonathan Ridgely 0-0: Called Strike
0-1: Swinging Strike
0-2: Ball
1-2: Strikes out swinging
Batting: RHB Garrett Granata 0-0: Called Strike
0-1: SINGLE (Groundball, 6MD, EV 97.5 MPH)
Adam Kelliher to third
Batting: RHB Chris Slama 0-0: Ball
1-0: Foul Ball, location: 2F
1-1: Ball
2-1: Fielders Choice at 2nd, 4-6 (Groundball, 4, EV 87.5 MPH)
Adam Kelliher scores
Batting: RHB Francisco Ramirez 0-0: Ball
1-0: Ball
2-0: Foul Ball, location: 2F
2-1: Fielders Choice at 2nd, 6-4 (Groundball, 56D, EV 83.1 MPH)
Top of the 3rd over - 1 run, 2 hits, 0 errors, 1 left on base; Eugene 1 - Tri-City 0
BOTTOM OF THE 3RD
Tri-City Dust Devils batting - Pitching for Eugene Emeralds : RHP Jose Ramirez
Batting: RHB Joe Weissman 0-0: Ball
1-0: Foul Ball, location: 2F
1-1: Ball
2-1: Ball
3-1: Foul Ball, location: 2F
3-2: Fly out, F3 (Popup, 3S, EV 76.2 MPH)
Batting: RHB Bryan Pitcher 0-0: DOUBLE (Line Drive, 9LM, EV 93.1 MPH)
Batting: RHB Ron Major 0-0: Called Strike
0-1: Ball
Wild Pitch!
Bryan Pitcher to third
1-1: Ball
2-1: Ball
3-1: Called Strike
3-2: Strikes out swinging
Batting: RHB Ruben Luis 0-0: Ground out 4-3 (Groundball, 4, EV 83.8 MPH)
Bottom of the 3rd over - 0 runs, 1 hit, 0 errors, 1 left on base; Eugene 1 - Tri-City 0
TOP OF THE 4TH
Eugene Emeralds batting - Pitching for Tri-City Dust Devils : RHP Ezra Wunderly
Batting: LHB Trevor Spaulding 0-0: Ball
1-0: Swinging Strike
1-1: Ball
2-1: Swinging Strike
2-2: Foul Ball, location: 2F
2-2: Strikes out looking
Batting: RHB Jonathan Sotelo 0-0: Swinging Strike
0-1: Ball
1-1: Ball
2-1: Swinging Strike
2-2: Strikes out looking
Batting: LHB Mark Huey 0-0: Foul Ball, location: 2F
0-1: Called Strike
0-2: Ground out 5-3 (Groundball, 56, EV 90.6 MPH)
Top of the 4th over - 0 runs, 0 hits, 0 errors, 0 left on base; Eugene 1 - Tri-City 0
BOTTOM OF THE 4TH
Tri-City Dust Devils batting - Pitching for Eugene Emeralds : RHP Jose Ramirez
Batting: SHB Ryan Brown 0-0: Ball
1-0: Called Strike
1-1: Foul Ball, location: 2F
1-2: Foul Ball, location: 2F
1-2: Ball
2-2: Ball
3-2: Base on Balls
Batting: RHB Hector Fernandez 0-0: Ball
1-0: Ball
2-0: Called Strike
2-1: Foul Ball, location: 2F
2-2: Ball
3-2: Base on Balls
Ryan Brown to second
Batting: LHB Frank McConnell 0-0: Ball
1-0: Ball
2-0: Ball
3-0: Called Strike
3-1: Base on Balls
Ryan Brown to third
Hector Fernandez to second
Batting: RHB Jaden Scott 0-0: Ball
1-0: Ball
2-0: Called Strike
2-1: Swinging Strike
2-2: Foul Ball, location: 2F
2-2: Ball
3-2: Foul Ball, location: 2F
3-2: Base on Balls
Ryan Brown scores
Hector Fernandez to third
Frank McConnell to second
Batting: LHB Paul Adams 0-0: Ball
Wild Pitch!
Hector Fernandez scores
Frank McConnell to third
Jaden Scott to second
1-0: Ball
2-0: Foul Ball, location: 2F
2-1: Foul Ball, location: 2F
2-2: Ground out 4-3 (Groundball, 4, EV 101.9 MPH)
Frank McConnell scores
Jaden Scott to third
Batting: RHB Joe Weissman 0-0: Ball
1-0: Swinging Strike
1-1: Foul Ball, location: 2F
1-2: Ground out 4-3 (Groundball, 4, EV 90.6 MPH)
Jaden Scott scores
Batting: RHB Bryan Pitcher 0-0: Ball
1-0: Called Strike
1-1: Foul Ball, location: 2F
1-2: Ball
2-2: SINGLE (Line Drive, 8RS, EV 96.2 MPH)
Pitching: RHP Miles Edwards
Batting: RHB Ron Major 0-0: Ball
1-0: Called Strike
1-1: Called Strike
1-2: Ball
2-2: Ball
3-2: Strikes out looking
Bottom of the 4th over - 4 runs, 1 hit, 0 errors, 1 left on base; Eugene 1 - Tri-City 4
TOP OF THE 5TH
Eugene Emeralds batting - Pitching for Tri-City Dust Devils : RHP Ezra Wunderly
Batting: RHB Brian Gargis 0-0: Foul Ball, location: 2F
0-1: Foul Ball, location: 2F
0-2: Foul Ball, location: 2F
0-2: Strikes out swinging
Batting: RHB Adam Kelliher 0-0: Ball
1-0: Ball
2-0: Foul Ball, location: 2F
2-1: Foul Ball, location: 2F
2-2: SINGLE (Line Drive, 56, EV 104.4 MPH)
Batting: RHB Jonathan Ridgely 0-0: Foul Ball, location: 2F
0-1: Called Strike
0-2: Ball
1-2: Strikes out swinging
Batting: RHB Garrett Granata 0-0: Ball
Adam Kelliher is caught stealing 2nd base 2-4
Top of the 5th over - 0 runs, 1 hit, 0 errors, 0 left on base; Eugene 1 - Tri-City 4
BOTTOM OF THE 5TH
Tri-City Dust Devils batting - Pitching for Eugene Emeralds : RHP Miles Edwards
Batting: RHB Ruben Luis 0-0: Called Strike
0-1: Ground out 5-3 (Groundball, 56S, EV 90.0 MPH)
Batting: SHB Ryan Brown 0-0: Ball
1-0: Foul Ball, location: 2F
1-1: Foul Ball, location: 2F
1-2: Ball
2-2: Foul Ball, location: 2F
2-2: Strikes out looking
Batting: RHB Hector Fernandez 0-0: Fly out, F8 (Flyball, 8LD, EV 76.2 MPH)
Bottom of the 5th over - 0 runs, 0 hits, 0 errors, 0 left on base; Eugene 1 - Tri-City 4
TOP OF THE 6TH
Eugene Emeralds batting - Pitching for Tri-City Dust Devils : RHP Ezra Wunderly
Batting: RHB Garrett Granata 0-0: Ball
1-0: Ball
2-0: Called Strike
2-1: Swinging Strike
2-2: Ball
3-2: Base on Balls
Batting: RHB Chris Slama 0-0: Called Strike
0-1: Ball
1-1: Ball
2-1: Ball
3-1: Fielders Choice at 2nd, 3-6 (Groundball, 34S, EV 78.8 MPH)
Batting: RHB Francisco Ramirez 0-0: Ball
1-0: Ball
2-0: Called Strike
2-1: Ball
3-1: Base on Balls
Chris Slama to second
Batting: LHB Trevor Spaulding 0-0: Ball
1-0: Ball
2-0: Called Strike
2-1: Fielders Choice at 2nd, 6-4 (Groundball, 6, EV 86.2 MPH)
Chris Slama to third
Batting: RHB Jonathan Sotelo 0-0: Called Strike
0-1: Ball
1-1: DOUBLE (Flyball, 9LD, EV 92.5 MPH)
Chris Slama scores
Trevor Spaulding to third
Batting: LHB Mark Huey 0-0: Foul Ball, location: 2F
0-1: Swinging Strike
0-2: Foul Ball, location: 2F
0-2: Ball
1-2: Ball
2-2: Strikes out swinging
Top of the 6th over - 1 run, 1 hit, 0 errors, 2 left on base; Eugene 2 - Tri-City 4
BOTTOM OF THE 6TH
Tri-City Dust Devils batting - Pitching for Eugene Emeralds : RHP Miles Edwards
Batting: LHB Frank McConnell 0-0: Ball
1-0: Called Strike
1-1: Swinging Strike
1-2: Ball
2-2: Strikes out swinging
Batting: RHB Jaden Scott 0-0: Called Strike
0-1: Ball
1-1: SOLO HOME RUN (Flyball, 7D, EV 97.5 MPH), Distance : 373 ft
Batting: LHB Paul Adams 0-0: Called Strike
0-1: Called Strike
0-2: Foul Ball, location: 2F
0-2: Strikes out swinging, 2-3 out at first.
Batting: RHB Joe Weissman 0-0: Ball
1-0: Ball
2-0: Ball
3-0: Called Strike
3-1: Swinging Strike
3-2: Ground out 6-3 (Groundball, 6M, EV 85.0 MPH)
Bottom of the 6th over - 1 run, 1 hit, 0 errors, 0 left on base; Eugene 2 - Tri-City 5
TOP OF THE 7TH
Eugene Emeralds batting - Pitching for Tri-City Dust Devils : RHP Ezra Wunderly
Batting: RHB Brian Gargis 0-0: Ball
1-0: Foul Ball, location: 2F
1-1: Foul Ball, location: 2F
1-2: Foul Ball, location: 2F
1-2: Fly out, F3 (Popup, 3F, EV 71.9 MPH)
Batting: RHB Adam Kelliher 0-0: Ball
1-0: SINGLE (Groundball, 56, EV 103.8 MPH)
Batting: RHB Jonathan Ridgely 0-0: DOUBLE (Flyball, 89D, EV 101.2 MPH)
Adam Kelliher to third
Batting: RHB Garrett Granata 0-0: Called Strike
0-1: Ball
Wild Pitch!
Adam Kelliher scores
Jonathan Ridgely to third
1-1: SINGLE (Flyball, 78S, EV 98.8 MPH)
Jonathan Ridgely scores
Pitching: LHP Andy Silveira
Batting: RHB Chris Slama 0-0: Foul Ball, location: 2F
0-1: Ball
1-1: Ball
Wild Pitch!
Garrett Granata to second
2-1: Ball
3-1: Called Strike
3-2: Strikes out swinging
Batting: RHB Francisco Ramirez 0-0: Ball
1-0: SINGLE (Flyball, 3D, EV 98.1 MPH)
Garrett Granata to third
Runner from 3rd tries for Home, throw by RF and OUT! 9-2
Top of the 7th over - 2 runs, 4 hits, 0 errors, 1 left on base; Eugene 4 - Tri-City 5
BOTTOM OF THE 7TH
Tri-City Dust Devils batting - Pitching for Eugene Emeralds : RHP Miles Edwards
Pitching: LHP Colin Scott
Batting: RHB Bryan Pitcher 0-0: Called Strike
0-1: Foul Ball, location: 2F
0-2: Strikes out swinging
Batting: RHB Ron Major 0-0: Called Strike
0-1: Swinging Strike
0-2: Ball
1-2: DOUBLE (Flyball, 8LXD, EV 96.9 MPH)
Batting: RHB Ruben Luis 0-0: Ball
1-0: Fly out, F3 (Popup, 3SF, EV 85.0 MPH)
Batting: SHB Ryan Brown 0-0: Ball
1-0: Called Strike
1-1: Foul Ball, location: 2F
1-2: Ball
2-2: Ball
3-2: Strikes out swinging
Bottom of the 7th over - 0 runs, 1 hit, 0 errors, 1 left on base; Eugene 4 - Tri-City 5
TOP OF THE 8TH
Eugene Emeralds batting - Pitching for Tri-City Dust Devils : LHP Andy Silveira
Batting: LHB Trevor Spaulding 0-0: SINGLE (Line Drive, 89D, EV 106.9 MPH)
Pitching: RHP Eric Teixeira
Batting: RHB Jonathan Sotelo 0-0: Ball
1-0: Ball
2-0: Called Strike
2-1: Ball
3-1: Foul Ball, location: 2F
3-2: Strikes out swinging
Batting: LHB Mark Huey 0-0: Ball
1-0: Foul Ball, location: 2F
1-1: Ball
2-1: Foul Ball, location: 2F
2-2: Strikes out swinging
Pinch Hitting: LHB Kwang-chih Men 0-0: Called Strike
0-1: Foul Ball, location: 2F
0-2: Foul Ball, location: 2F
0-2: Ball
1-2: Ball
2-2: SINGLE (Groundball, 6MD, EV 104.4 MPH)
Trevor Spaulding to second
Batting: RHB Adam Kelliher 0-0: Ball
1-0: Fielders Choice at 2nd, 6-4 (Groundball, 56, EV 88.8 MPH)
Top of the 8th over - 0 runs, 2 hits, 0 errors, 2 left on base; Eugene 4 - Tri-City 5
BOTTOM OF THE 8TH
Tri-City Dust Devils batting - Pitching for Eugene Emeralds : LHP Colin Scott
Now in LF: Frank McArdle
Batting: RHB Hector Fernandez 0-0: Called Strike
0-1: Ball
1-1: Ball
2-1: Ball
3-1: Called Strike
3-2: SINGLE (Groundball, 6D, EV 107.5 MPH)
Batting: LHB Frank McConnell 0-0: Ball
1-0: Ball
2-0: Foul Ball, location: 2F
2-1: Ball
3-1: Base on Balls
Hector Fernandez to second
Batting: RHB Jaden Scott 0-0: Ball
1-0: TRIPLE (Flyball, 78XD, EV 103.8 MPH)
Hector Fernandez scores
Frank McConnell scores
Batting: LHB Paul Adams 0-0: Fly out, F8 (Flyball, 8RXD, EV 99.4 MPH)
Runner from 3rd tags up, SCORES, no throw by CF
Pitching: LHP VirgĂ­lio Beyfus
Batting: RHB Joe Weissman 0-0: Called Strike
0-1: SINGLE (Line Drive, 6D, EV 98.8 MPH)
Batting: RHB Bryan Pitcher 0-0: Ball
1-0: Foul Ball, location: 2F
1-1: Ball
2-1: Swinging Strike
2-2: Foul Ball, location: 2F
2-2: Ball
3-2: Base on Balls
Joe Weissman to second
Batting: RHB Ron Major 0-0: Ball
1-0: Ball
2-0: Ball
3-0: Base on Balls
Joe Weissman to third
Bryan Pitcher to second
Batting: RHB Ruben Luis 0-0: Foul Ball, location: 2F
0-1: Ball
1-1: Swinging Strike
1-2: SINGLE (Groundball, 34D, EV 100.6 MPH)
Joe Weissman scores
Bryan Pitcher to third
Ron Major to second
Runner from 3rd tries for Home, SAFE, throw by RF to home
Batting: SHB Ryan Brown 0-0: Ball
1-0: Ball
2-0: Fielders Choice at 2nd, 3-6 (Groundball, 34, EV 88.8 MPH)
Ron Major to third
Batting: RHB Hector Fernandez 0-0: Called Strike
0-1: Ball
1-1: Ball
2-1: Fly out, F8 (Flyball, 8RD, EV 85.0 MPH)
Bottom of the 8th over - 5 runs, 4 hits, 0 errors, 2 left on base; Eugene 4 - Tri-City 10
TOP OF THE 9TH
Eugene Emeralds batting - Pitching for Tri-City Dust Devils : RHP Eric Teixeira
Batting: RHB Jonathan Ridgely 0-0: Ball
1-0: Foul Ball, location: 2F
1-1: Foul Ball, location: 2F
1-2: Ball
2-2: Strikes out swinging
Batting: RHB Garrett Granata 0-0: Ground out 6-3 (Groundball, 6S, EV 80.6 MPH)
Batting: RHB Chris Slama 0-0: Called Strike
0-1: Called Strike
0-2: Ball
1-2: Ball
2-2: Ground out 1-3 (Groundball, 15S, EV 65.0 MPH)
Top of the 9th over - 0 runs, 0 hits, 0 errors, 0 left on base; Eugene 4 - Tri-City 10
Thursday, March 31st , 2022 - OOTP Baseball 22.12 Build 89